 Dungeon Crawl Stone Soup version 0.32-a0-938-g40ac7a0f4d (webtiles) character file.

Game seed: 1487608147402773529

6057 Sirjeffry24 the Thaumaturge (level 10, 0/85 HPs)
             Began as a Mummy Necromancer on Apr 15, 2024.
             Was a Priest of Beogh.
             Killed from afar by Bogdar the orc apostle (9 damage)
             ... with a foxfire
             ... on level 9 of the Dungeon.
             The game lasted 00:17:31 (9991 turns).

Sirjeffry24 the Thaumaturge (Mummy Necromancer)     Turns: 9991, Time: 00:17:32

Health: 0/85       AC:  6    Str: 11    XL:     10   Next: 57%
Magic:  9/26       EV: 22    Int: 19    God:    Beogh [***...]
Gold:   540        SH:  5    Dex: 13    Spells: 26/34 levels left

rFire   x . .        c - staff of death
rCold   + . .        (no shield)
rNeg    + + +        e - +1 animal skin
rPois   ∞            f - +0 helmet
rElec   .            m - +0 cloak
rCorr   .            (no gloves)
SInv    .            p - +0 pair of boots
Will    +....        b - amulet of reflection
Stlth   ++           g - +5 ring of evasion
HPRegen 0.34/turn    n - +5 ring of evasion
MPRegen 0.20/turn

%: reflection, faith
@: studying Fighting
A: cold resistance 1, negative energy resistance 3, torment resistance 2, heat
vulnerability 1, in touch with death 1, no potions, faith
a: Renounce Religion, Smiting, Recall Apostles, Dismiss Gorm, warrior, Dismiss
Bogdar, wizard


You were on level 9 of the Dungeon.
You worshipped Beogh.
Beogh was most pleased with you.
You visited 1 branch of the dungeon, and saw 9 of its levels.
You also visited: Bailey.

You collected 540 gold pieces.

Inventory:

Armour
 e - a +1 animal skin (worn)
 f - a +0 helmet (worn)
 m - a +0 cloak (worn)
 p - a +0 pair of boots (worn)
Magical Staves
 c - a staff of death (weapon)
Jewellery
 b - an amulet of reflection (around neck)
 g - a +5 ring of evasion (left hand)
 i - a ring of protection from cold
 l - a ring of willpower
 n - a +5 ring of evasion (right hand)
Wands
 h - a wand of roots (8)
 s - a wand of flame (7)
Scrolls
 a - a scroll of vulnerability
 d - 6 scrolls of teleportation
 j - a scroll of identify
 k - 3 scrolls of fog
 o - 2 scrolls of enchant armour
 q - a scroll of immolation {unknown}
 r - a scroll of torment {unknown}
 t - a scroll of amnesia
 u - a scroll of fear


   Skills:
 * Level 10.2 Fighting
 + Level 4.2 Dodging
 - Level 1.5 Stealth
 - Level 0.7 Shields
 - Level 12.8 Spellcasting
 - Level 7.4 Necromancy
 - Level 4.1 Invocations
 - Level 0.3 Evocations


You had 26 spell levels left.
You knew the following spells:

 Your Spells              Type           Power      Damage    Failure   Level
a - Necrotise             Necr           100%       1d9       1%          1
b - Vampiric Draining     Necr           74%        2d11      1%          3
c - Animate Dead          Necr           74%        N/A       2%          4

Your spell library contained the following spells:

 Spells                   Type           Power      Damage    Failure   Level
 Foxfire                  Conj/Fire      48%        2x1d6     5%          1
 Curse of Agony           Necr           74%        N/A       8%          5
 Mercury Vapours          Alch/Air       24%        N/A       9%          2
 Scorch                   Fire           24%        2d6       9%          2
 Mephitic Cloud           Conj/Alch/Air  12%        N/A       17%         3
 Borgnjor's Vile Clutch   Necr/Erth      28%        N/A       32%         5
 Flame Wave               Conj/Fire      12%        2d6       50%         4
 Alistair's Intoxication  Alch           8%         N/A       83%         5
 Freezing Cloud           Conj/Ice/Air   6%         6-21      83%         5
 Eringya's Noxious Bog    Alch           6%         4d6       100%        6
 Plasma Beam              Fire/Air       6%         2x1d16    100%        6
 Starburst                Conj/Fire      6%         6d4       100%        6
 Summon Cactus Giant      Summ           6%         N/A       100%        6


Dungeon Overview and Level Annotations

Branches:
Dungeon (9/15)             Temple (0/1) D:4          Bailey (visited)
   Lair: D:8-11         Orc: D:9-12

Altars:
Hepliaklqana
Kikubaaqudgha
Makhleb
Nemelex Xobeh
Qazlal
Ru
Trog
Vehumet
Xom

Annotations:
D:3 1 runed translucent door, hattop's ghost, weakling DrSh
D:6 2 transporters, grrhawk's ghost, novice CoHs
D:9 1 transporter, Stellion's ghost, novice DsHW


Innate Abilities, Weirdness & Mutations

Your facial features look somewhat orcish.
You are immune to poison.
Your flesh is cold resistant. (rC+)
You are immune to negative energy. (rN+++)
You are immune to unholy pain and torment.
You are vulnerable to heat. (rF-)
You are in touch with the powers of death.
You do not drink.
You have a special connection with the divine. (Faith)


Message History

Gorm hits Bogdar from afar with a +2 halberd of pain!
Unknown command.
Unknown command.
You feel a strong surge of power!
You draw life force from Bogdar.
You feel life coursing into your body.
Bogdar gestures wildly while chanting.
Bogdar conjures some foxfire!
Gorm hits Bogdar from afar with a +2 halberd of pain! 2 foxfires come into view.
Unknown command.
You feel a strong surge of power!
You draw life force from Bogdar.
You feel life coursing into your body. The foxfire hits you!
The fire burns you terribly! The foxfire hits you! The fire burns you terribly!
Bogdar casts a spell at you. The puff of frost hits you! You resist.
* * * LOW HITPOINT WARNING * * *
Gorm misses Bogdar.
Unknown command.
You are too injured to fight recklessly!
Unknown command.
Aiming: Vampiric Draining (safe; 1% risk of failure)
Press: ? - help, Q - select action, (/) - cycle Shift-Dir - straight line, f/p - Bogdar
Aim: Bogdar the orc apostle, wielding a +0 dagger of speed and wearing the +0 robe of the Eternal Void {rN+ Int+3 Dex-4} (severely wounded, ally target, empowered by the touch of Beogh)
You feel a strong surge of power!
You draw life force from Bogdar.
You feel life coursing into your body.
Bogdar mumbles some strange words.
Bogdar conjures some foxfire!
Gorm hits Bogdar from afar with a +2 halberd of pain!
Bogdar falls to their knees and submits.
Beogh will allow you to induct Bogdar into your service. 2 foxfires come into view.
Okay, then.
Unknown command.
Unknown command.
You anoint Bogdar with ash and charcoal and welcome them as a companion.
The foxfire hits you!! The fire burns you terribly!
* * * LOW HITPOINT WARNING * * *
The foxfire hits you! The fire burns you terribly!
You die...
Beogh appreciates Bogdar's killing of a heretic priest.

.#...#....######...#######
##...+....# #...#
.....#....# #...#######
.....#....# #.........#
.#####....+ #.........#
.#........###+##.........#
##.............>.........#
...............§v........#
...<.. ......o@o..)....#
...... ...#####........#
...... ..#...#........#
...... .#...#........#
.###©# ....#.....#### ##
## .### #...+.....# # ...
#....#...#.##### ..y#
.#..y##.##.#
..##..#....yW#....#


You could see the friendly Bogdar the orc apostle (ally target) and the friendly
Gorm the orc apostle.

Vanquished Creatures
  An orc knight (Bailey)
  2 komodo dragons (D:9)
  Grum (D:8)
  Edmund (D:4)
  A water moccasin (D:6)
  7 orc warriors
  A sky beast (D:6)
  A black bear (D:8)
  An ice beast (D:6)
  2 ogres
  2 wolves (D:8)
  4 centaurs
  A kobold brigand (D:7)
  5 bullfrogs
  A gnoll sergeant (D:8)
  A scorpion (D:9)
  Dowan (D:6)
  7 wights
  A howler monkey (D:7)
  Crazy Yiuf (D:6)
  A bombardier beetle (D:6)
  3 hounds
  A jelly (D:7)
  2 orc priests (D:9)
  A sleepcap (D:7)
  6 iguanas
  An orc wizard (D:9)
  A killer bee zombie (D:9)
  Robin (D:2)
  15 gnolls
  2 adders
  2 ufetubi (D:3)
  5 dart slugs
  2 ribbon worms
  10 orcs
  6 bats
  7 endoplasms
  3 giant cockroaches
  15 goblins
  9 hobgoblins
  4 jackals (D:1)
  3 quokkas
  5 ball pythons
  A frilled lizard (D:1)
  11 kobolds
  4 rats
163 creatures vanquished.

Vanquished Creatures (collateral kills)
  A two-headed ogre (D:9)
  2 unseen horror zombies (D:9)
  Duvessa (D:6)
  3 wights (D:9)
  3 centaur zombies (D:9)
  A crimson imp (D:9)
  A bombardier beetle (D:6)
  A howler monkey zombie (D:9)
  2 gnolls
  3 goblins
  A hobgoblin (D:1)
  A frilled lizard (D:1)
  2 rats (D:1)
22 creatures vanquished.

Vanquished Creatures (others)
  A komodo dragon zombie (D:9)
  A wolf zombie (D:8)
  A bullfrog zombie (D:9)
  3 orcs
  10 gnoll zombies
  2 goblin zombies (Bailey)
  3 kobold zombies (D:7)
  4 orc zombies
  5 foxfires (D:9)
30 creatures vanquished.

Grand Total: 215 creatures vanquished

Notes
Turn   | Place    | Note
-------+----------+-------------------------------------------
     0 | D:1      | Sirjeffry24 the Mummy Necromancer began the quest for the
                  | Orb.
     0 | D:1      | Reached XP level 1. HP: 13/13 MP: 4/4
    93 | D:1      | You fall into a shaft and drop 1 floor!
   140 | D:1      | Reached skill level 3 in Spellcasting
   198 | D:1      | Reached XP level 2. HP: 18/19 MP: 4/6
   752 | D:1      | Reached XP level 3. HP: 24/24 MP: 6/8
   964 | D:2      | Reached skill level 4 in Spellcasting
  1191 | D:2      | Noticed Robin
  1531 | D:2      | Found a bloodstained altar of Trog.
  1558 | D:2      | Found a faded altar of an unknown god.
  1561 | D:2      | Killed Robin
  1562 | D:2      | Reached XP level 4. HP: 30/30 MP: 5/10
  1795 | D:3      | Reached skill level 1 in Invocations
  1867 | D:3      | Reached skill level 5 in Spellcasting
  2160 | D:3      | Found a runed translucent door.
  2161 | D:3      | Noticed hattop's ghost (weakling DrSh)
  2294 | D:3      | Found a faded altar of an unknown god.
  2407 | D:4      | Identified a scroll of acquirement
  2407 | D:4      | Acquired a staff of death
  2778 | D:4      | Became a worshipper of Beogh the Shepherd
  2815 | D:4      | Found a staircase to the Ecumenical Temple.
  2815 | D:4      | Noticed Edmund
  2825 | D:4      | Learned a level 3 spell: Vampiric Draining
  2839 | D:4      | Killed Edmund
  2840 | D:4      | Reached skill level 6 in Spellcasting
  2840 | D:4      | Reached XP level 5. HP: 32/36 MP: 3/13
  2954 | D:4      | Noticed an ogre
  2960 | D:4      | Killed an ogre
  2961 | D:4      | Reached skill level 7 in Spellcasting
  2961 | D:4      | Reached XP level 6. HP: 42/42 MP: 9/16
  3327 | D:3      | Found an ancient bone altar of Kikubaaqudgha.
  3387 | D:5      | Entered Level 5 of the Dungeon
  4022 | D:5      | Learned a level 4 spell: Animate Dead
  4099 | D:6      | Noticed Duvessa
  4100 | D:6      | Found a transporter.
  4100 | D:6      | Noticed a rakshasa
  4101 | D:6      | Noticed a small abomination
  4111 | D:6      | Noticed Dowan
  4119 | D:6      | Killed Duvessa
  4120 | D:6      | Reached skill level 8 in Spellcasting
  4120 | D:6      | Reached XP level 7. HP: 47/47 MP: 4/18
  4128 | D:6      | Killed Dowan
  4377 | D:6      | Reached skill level 9 in Spellcasting
  4377 | D:6      | Reached skill level 5 in Necromancy
  4575 | D:6      | Reached XP level 8. HP: 50/53 MP: 12/21
  4580 | D:6      | Reached * piety under Beogh
  4689 | D:6      | Found a transporter.
  4765 | D:6      | Reached skill level 10 in Spellcasting
  4774 | D:6      | Noticed grrhawk's ghost (novice CoHs)
  4945 | D:6      | Reached skill level 1 in Fighting
  5061 | D:6      | Noticed a brown ugly thing
  5109 | D:6      | Found a runed translucent door.
  5110 | D:6      | Noticed Crazy Yiuf
  5275 | D:6      | Killed Crazy Yiuf
  5659 | D:7      | Found a flagged portal.
  5668 | Bailey   | Entered a bailey
  6120 | Bailey   | Reached ** piety under Beogh
  6303 | Bailey   | Reached skill level 11 in Spellcasting
  6417 | Bailey   | Noticed an orc warlord
  6418 | Bailey   | Noticed an orc knight
  6518 | Bailey   | Reached XP level 9. HP: 34/61 MP: 16/24
  6541 | Bailey   | Killed an orc knight
  6671 | D:7      | Acquired a manual of Fighting
  7170 | D:7      | Reached skill level 12 in Spellcasting
  7559 | D:8      | Found a radiant altar of Vehumet.
  8054 | D:8      | Found a hazy altar of Hepliaklqana.
  8054 | D:8      | Found a stormy altar of Qazlal.
  8319 | D:8      | Found a sparkling altar of Nemelex Xobeh.
  8442 | D:8      | Noticed Grum
  8471 | D:8      | Killed Grum
  8751 | D:9      | Noticed a komodo dragon
  9155 | D:9      | Reached *** piety under Beogh
  9179 | D:9      | Killed a komodo dragon
  9180 | D:9      | Reached skill level 5 in Fighting
  9180 | D:9      | Reached XP level 10. HP: 76/76 MP: 13/26
  9425 | D:9      | Anointed Gorm the warrior as your apostle
  9674 | D:9      | Found a burning altar of Makhleb.
  9674 | D:9      | Found a shimmering altar of Xom.
  9719 | D:9      | Found a sacrificial altar of Ru.
  9833 | D:9      | Found a transporter.
  9836 | D:9      | Noticed a manticore
  9836 | D:9      | Noticed a moth of wrath
  9840 | D:9      | Noticed Stellion's ghost (novice DsHW)
  9951 | D:9      | Noticed a two-headed ogre
  9958 | D:9      | Killed a two-headed ogre
  9959 | D:9      | Reached skill level 10 in Fighting
  9981 | D:9      | Identified the +0 robe of the Eternal Void {rN+ Int+3
                  | Dex-4}
  9981 | D:9      | Noticed Bogdar
  9991 | D:9      | Anointed Bogdar the wizard as your apostle
  9991 | D:9      | Killed from afar by Bogdar the orc apostle

Illustrated notes

Levels and vault maps discovered:
D:1:      lightli_arrival_windingriver, layout_loops_cross
D:2:      layout_loops_ring, basic_altar,
          shapermc_ecumenical_altar_mp_ritualfount, uniq_robin
D:3:      layout_rooms, nicolae_overflow_ecumenical_swirl,
          ebering_ghost_reflecting_pool, item_on_display_a
D:4:      layout_basic, minmay_temple_entry_drinking_statues, uniq_edmund
D:5:      layout_cave_pools, general_overflow_altar, abandoned_shop
D:6:      layout_rooms, gammafunk_ghost_abyssal_escape, uniq_crazy_yiuf_cottage,
          uniq_duvessa
D:7:      layout_loops_corners, enter_bailey_8
D:8:      layout_basic, jmf_multi_god_temple, lemuel_tele_altar,
          nicolae_tso_swordbearing_angel, nemelex_diamond_rough_becter,
          serial_rivers, chequers_serial_rivers_room_b,
          chequers_serial_rivers_room_b, chequers_serial_rivers_large_a,
          chequers_serial_rivers_room_a, chequers_serial_rivers_small_b,
          chequers_serial_rivers_large_b, minmay_hedge_maze, uniq_grum
D:9:      layout_irregular_city, nicolae_ru_sacrificial_ziggurat,
          grunt_temple_overflow_champion_of_chaos,
          grunt_lair_entry_orc_guard_hut, gammafunk_ghost_berserking_beasts,
          serial_undead, serial_undead_c, serial_undead_a, serial_undead_d,
          serial_undead_d, minmay_unpleasant_kobolds

Skill      XL: |  1  2  3  4  5  6  7  8  9 10 |
---------------+-------------------------------+-----
Spellcasting   | 3 4 6 7 8 9 11 12 | 12.8
Invocations    | 1 2 3 4 |  4.1
Dodging        | 2 3 4 |  4.2
Necromancy     | 5 6 7 |  7.4
Fighting       | 2 5 10 | 10.2
Stealth        | |  1.5
Shields        | |  0.7
Evocations     | |  0.3

Action                     |  1- 3 |  4- 6 |  7- 9 | 10-12 || total
---------------------------+-------+-------+-------+-------++-------
  Melee: Unarmed           |     3 |     1 |       |       ||     4
         Staff             |       |     7 |    75 |    23 ||   105
   Cast: Necrotise         |    71 |    74 |    50 |     1 ||   196
         Vampiric Draining |       |     3 |   103 |    28 ||   134
         Animate Dead      |       |       |     5 |     1 ||     6
 Invoke: Convert to Beogh  |       |     1 |       |       ||     1
         Smiting           |       |       |     2 |       ||     2
         Recruit Apostle   |       |       |       |     2 ||     2
  Evoke: Wand              |       |     1 |     6 |     8 ||    15
    Use: Scroll            |     7 |     4 |     4 |       ||    15
 Armour: Robe              |    23 |       |       |       ||    23
         Animal skin       |       |    41 |    86 |    47 ||   174
  Dodge: Dodged            |    12 |    96 |   195 |    81 ||   384
  Block: Other             |     4 |    22 |    58 |    25 ||   109
         Reflection        |     1 |     1 |     3 |       ||     5

Table legend: (Time is in decaauts)
 A = Elapsed time spent in this place.
 B = Non-inter-level travel time spent in this place.
 C = Inter-level travel time spent in this place.
 D = Time resting spent in this place.
 E = Time spent auto-exploring this place.
 F = Levels seen in this place.
 G = Mean time per level.
                   A        B        C        D        E       F      G
               +--------+--------+--------+--------+--------+-----+--------+
         Total |  10058 |   9958 |    100 |    463 |   7203 |  10 | 1005.8 |
       Dungeon |   9053 |   8953 |    100 |    381 |   6686 |   9 | 1005.9 |
        Bailey |   1005 |   1005 |      0 |     82 |    517 |   1 | 1005.0 |
               +--------+--------+--------+--------+--------+-----+--------+

Top non-repeatable levels by time:
     D:6: 1302 daAuts
     D:8: 1298 daAuts
     D:9: 1195 daAuts
     D:4: 1167 daAuts
     D:7: 1153 daAuts
  Bailey: 1005 daAuts
     D:3: 993 daAuts
     D:1: 955 daAuts
     D:2: 778 daAuts
     D:5: 208 daAuts
